 Dungeon Crawl Stone Soup version 0.21-a0-227-g58a7c62 (webtiles) character file.

25 Pippin the Sneak (level 3, 33/33 HPs)
             Began as a Naga Wanderer on Aug 31, 2017.
             Got out of the dungeon alive.
             The game lasted 00:01:08 (475 turns).

Pippin the Sneak (Naga Wanderer)                     Turns: 475, Time: 00:01:09

Health: 33/33      AC:  2    Str: 17    XL:     3   Next: 6%
Magic:  3/3        EV:  9    Int: 12    God:
Gold:   17         SH:  0    Dex:  8    Spells: 2/2 levels left

rFire    . . .     SeeInvis +   a - +2 shortbow
rCold    . . .     Gourm    .   (shield currently unavailable)
rNeg     . . .     Faith    .   e - +0 robe
rPois    +         Spirit   .   (no helmet)
rElec    .         Reflect  .   (no cloak)
rCorr    .         Harm     .   (no gloves)
MR       .....                  (no barding)
Stlth    ++........             (no amulet)
HPRegen  0.11/turn              (no ring)
MPRegen  0.08/turn              (no ring)

@: very slow
A: see invisible, deformed body, poison resistance, slowness 2, slow metabolism
1, spit poison 1, AC +1
a: Spit Poison


You escaped.
You were not hungry.

You visited 1 branch of the dungeon, and saw 1 of its levels.

You collected 17 gold pieces.

Inventory:

Hand Weapons
 a - a +2 shortbow (weapon)
 c - a +0 hand axe
 f - a +0 dagger
Missiles
 b - 19 arrows (quivered)
Armour
 e - a +0 robe (worn)
Jewellery
 j - a cursed amulet of guardian spirit {unknown}
 k - an uncursed ring of magical power {unknown}
Scrolls
 h - a scroll of identify {unknown}
 i - 3 scrolls of immolation {unknown}
 l - a scroll of random uselessness {unknown}
 m - a scroll of fear {unknown}
 o - a scroll of teleportation {unknown}
Potions
 d - a potion of curing
 n - a potion of haste {unknown}
Comestibles
 g - 4 bread rations


   Skills:
 + Level 2.4 Fighting
   Level 1.0 Polearms
 + Level 1.5 Bows
 + Level 2.7 Armour
 + Level 3.2 Stealth
   Level 1.0 Shields


You had 2 spell levels left.
You didn't know any spells.

Dungeon Overview and Level Annotations

Branches:
Dungeon (1/15)

Altars:


Innate Abilities, Weirdness & Mutations

You cannot wear boots.
Your serpentine skin is tough. (AC +1)
You have supernaturally acute eyesight. (SInv)
Armour fits poorly on your strangely shaped body.
Your system is resistant to poisons. (rPois)
You cover ground very slowly.
You have a slow metabolism.
You can spit poison.


Message History

A hobgoblin comes into view. It is wielding a club.
You see here a fizzy yellow potion.
A hobgoblin is nearby!
A hobgoblin is nearby!
A hobgoblin is nearby!
A hobgoblin is nearby!
A hobgoblin is nearby!
A hobgoblin is nearby!
Quiver which item? (- for none, * to show all) (? for menu, Esc to quit)
Okay, then.
Unknown command.
You drop 2 arrows.
Unknown command.
Unknown command.
Unknown command.
You see here a dagger.
There is an open door here.
There is a staircase leading out of the dungeon here.
Are you sure you want to leave the Dungeon?
This will make you lose the game!
You have escaped!

...#...# #.#..#..#######
.###.### #.....#.## ####
.###.#####.#...#.(###...
.)......##..####......#
##..###.##...........####
###.###..#...........##.# ..
............###.##.....##...
#....#.....##.....#(........#
#....#...รท#.....@.##........#
#....#.....##.....#.........#
............###.##)....##.(.#
.....................##.##..#
#########............#### .##
#...####......##. #
#..#...#.).......
#......#.######## #..#..#..#


There were no monsters in sight!

Vanquished Creatures
  2 oozes (D:1)
  A giant cockroach (D:1)
  3 goblins (D:1)
  2 hobgoblins (D:1)
  A ball python (D:1)
  5 bats (D:1)
  A frilled lizard (D:1)
  4 rats (D:1)
19 creatures vanquished.

Notes
Turn   | Place    | Note
-------+----------+-------------------------------------------
     0 | D:1      | Pippin the Naga Wanderer began the quest for the Orb.
     0 | D:1      | Pippin set off with: a +2 shortbow, 28 arrows, a +0 hand axe, a potion of curing, a +0 robe, a +0 dagger, a bread ration
     0 | D:1      | Reached XP level 1. HP: 19/19 MP: 1/1
     8 | D:1      | Reached XP level 2. HP: 25/27 MP: 2/2
   325 | D:1      | Reached XP level 3. HP: 32/33 MP: 3/3
   475 | D:$      | Got out of the dungeon alive.

Vault maps used:
D:1:      erik_arrival_blinker_ship, dk_noncrumbling_3

Action                   || total
-------------------------++-------
 Fire: Shortbow          ||    46
Armor: Robe              ||     5
Dodge: Dodged            ||     4

Table legend:
 A = Spawn XP
 B = Non-spawn XP
 C = Spawn XP percentage of total XP
 D = Spawn monster count
 E = Non-spawn monster count
 F = Spawn count percentage of total count
 G = Total turns spent on level
                    A         B        C        D         E        F      G
               +---------+---------+-------+---------+---------+-------+---------
         Total |       4 |      33 |  10.8 |       3 |      16 |  15.8 |   475
               +---------+---------+-------+---------+---------+-------+---------
           D:1 |       4 |      33 |  10.8 |       3 |      16 |  15.8 |   475
               +---------+---------+-------+---------+---------+-------+---------
